 Dungeon Sprint DCSS version 0.28-a0-390-gb254ac4902 (webtiles) character file.

Game seed: 16756308447990284772

623 Lochraine the Fighter (level 7, -2/70 HPs)
             Began as a Formicid Fighter on Sept 3, 2021.
             Was an Initiate of Wu Jian.
             Slain by a centaur warrior (6 damage)
             ... in the Dungeon (Sprint I: "Red Sonja").
             The game lasted 00:01:53 (540 turns).

Lochraine the Fighter (Formicid Fighter)             Turns: 540, Time: 00:01:54

Health: -2/70      AC:  9    Str: 22    XL:     7   Next: 75%
Magic:  7/7        EV:  9    Int:  8    God:    Wu Jian [......]
Gold:   243        SH:  4    Dex: 10    Spells: 6/6 levels left

rFire   . . .      SeeInvis +   a - +0 long sword
rCold   . . .      Faith    .   c - +0 buckler
rNeg    . . .      Spirit   .   b - +0 scale mail
rPois   .          Reflect  .   (helmet unavailable)
rElec   .          Harm     .   (no cloak)
rCorr   .          Rampage  +   (no gloves)
Will    .....                   h - +1 pair of boots {rampage}
Stlth   ..........              (no amulet)
HPRegen 0.21/turn               (no ring)
MPRegen 0.10/turn               (no ring)

@: no status effects
A: permanent stasis, dig shafts and tunnels, antennae 3, four strong arms
a: Dig, Renounce Religion


You were in the Dungeon.
You worshipped Wu Jian.
Wu Jian was noncommittal.
You visited 1 branch You collected 243 gold pieces.

Inventory:

Hand Weapons
 a - a +0 long sword (weapon)
Armour
 b - a +0 scale mail (worn)
 c - a +0 buckler (worn)
 h - a +1 pair of boots of rampaging (worn)
   (You found it in the Dungeon)
Scrolls
 d - a scroll of identify {unknown}
Potions
 g - 2 potions of magic


   Skills:
 + Level 12.3 Fighting
 - Level 11.2 Long Blades
 + Level 3.2 Armour
 - Level 3.6 Shields


You had 6 spell levels left.
You didn't know any spells.
Your spell library was empty.

Dungeon Overview and Level Annotations

Branches:
Dungeon (1/1)

Altars:
Cheibriados
Dithmenos
Elyvilon
Fedhas
Gozag
Hepliaklqana
Kikubaaqudgha
Makhleb
Nemelex Xobeh
Okawaru
Qazlal
Ru
Sif Muna
Trog
Uskayaw
Vehumet
Wu Jian
Xom
Yredelemnul
Zin
The Shining One
Jiyva
Lugonu

Shops:
D (


Innate Abilities, Weirdness & Mutations

You cannot be hasted, slowed, berserked, paralysed or teleported.
You can dig through walls and to a lower floor.
You have a pair of large antennae on your head. (SInv)
Your four strong arms can wield two-handed weapons with a shield.


Message History

You hit the centaur warrior. The centaur warrior hits you.
The centaur warrior kicks you but does no damage.
You slash the centaur warrior!
The centaur warrior unwields a +0 shortbow.
The centaur warrior hits you.
The centaur warrior kicks you but does no damage.
The centaur warrior misses you. The centaur warrior kicks you.
You hit the centaur warrior.
The centaur warrior hits you but does no damage.
The centaur warrior kicks you. The centaur warrior hits you.
The centaur warrior barely misses you. The centaur warrior hits you!
* * * LOW HITPOINT WARNING * * *
The centaur warrior kicks you but does no damage.
The centaur warrior hits you.
* * * LOW HITPOINT WARNING * * *
The centaur warrior kicks you.
* * * LOW HITPOINT WARNING * * *
You feel better. You block the centaur warrior's attack.
The centaur warrior barely misses you. The centaur warrior hits you!
* * * LOW HITPOINT WARNING * * *
The centaur warrior closely misses you.
You feel much better. You block the centaur warrior's attack.
The centaur warrior kicks you.
* * * LOW HITPOINT WARNING * * *
The centaur warrior hits you.
* * * LOW HITPOINT WARNING * * *
You block the centaur warrior's attack.
The centaur warrior hits you but does no damage.
The centaur warrior kicks you but does no damage.
You block the centaur warrior's attack. The centaur warrior kicks you.
* * * LOW HITPOINT WARNING * * *
You barely miss the centaur warrior.
The centaur warrior hits you but does no damage.
The centaur warrior kicks you.
* * * LOW HITPOINT WARNING * * *
The centaur warrior hits you.
* * * LOW HITPOINT WARNING * * *
The centaur warrior kicks you but does no damage.
You barely miss the centaur warrior. The centaur warrior hits you.
* * * LOW HITPOINT WARNING * * *
The centaur warrior kicks you but does no damage.
The centaur warrior closely misses you.
The centaur warrior kicks you but does no damage.
You feel better. The centaur warrior hits you.
* * * LOW HITPOINT WARNING * * *
The centaur warrior kicks you but does no damage.
The centaur warrior hits you!
* * * LOW HITPOINT WARNING * * *
The centaur warrior closely misses you. The centaur warrior hits you.
You die...

################
#..)..#.)'..#__# {
)..#..'..#..'..+ {
#####+#####'#__####{
#### #...#.####=§#
#__####..##§#≈§§§§#
#_____##'#§§'§§§c§+
{
#_.∩...'..._#§≈§@c#
#_..__##_.#+##+####
#_____###+# {
####### { { { { {


You could see 2 centaur warriors.

Vanquished Creatures
  A slime creature (D)
  Sigmund (D)
  A yak (D)
  An ogre (D)
  A jelly (D)
  Ijyb (D)
6 creatures vanquished.

Notes
Turn   | Place    | Note
-------+----------+-------------------------------------------
     0 | D        | Lochraine the Formicid Fighter began the quest for the Orb.
     0 | D        | Reached XP level 1. HP: 18/18 MP: 1/1
     1 | D        | Noticed Ijyb
    10 | D        | Killed Ijyb
    11 | D        | Reached skill level 5 in Fighting
    11 | D        | Reached XP level 2. HP: 16/27 MP: 2/2
    11 | D        | Reached XP level 3. HP: 19/33 MP: 3/3
   135 | D        | Noticed an ogre
   139 | D        | Killed an ogre
   140 | D        | Reached skill level 7 in Fighting
   140 | D        | Reached XP level 4. HP: 44/44 MP: 4/4
   140 | D        | Reached XP level 5. HP: 49/49 MP: 5/5
   144 | D        | Noticed Sigmund
   152 | D        | Killed Sigmund
   153 | D        | Reached skill level 10 in Fighting
   153 | D        | Reached XP level 6. HP: 45/60 MP: 6/6
   160 | D        | Found a burning altar of Makhleb.
   160 | D        | Found a viscous altar of Jiyva.
   160 | D        | Found a shimmering altar of Xom.
   160 | D        | Found a corrupted altar of Lugonu.
   160 | D        | Noticed a slime creature
   168 | D        | Killed a slime creature
   169 | D        | Reached skill level 11 in Fighting
   169 | D        | Reached skill level 10 in Long Blades
   169 | D        | Reached XP level 7. HP: 29/68 MP: 7/7
   174 | D        | Found an ornate altar of the Wu Jian Council.
   174 | D        | Found a shimmering blue altar of Sif Muna.
   176 | D        | Found a radiant altar of Vehumet.
   194 | D        | Became a worshipper of the Wu Jian Council
   384 | D        | Found Akhluu's Weapon Emporium.
   384 | D        | Found an ancient bone altar of Kikubaaqudgha.
   384 | D        | Found a hazy altar of Hepliaklqana.
   384 | D        | Found a stormy altar of Qazlal.
   384 | D        | Found a hide-covered altar of Uskayaw.
   384 | D        | Found a blossoming altar of Fedhas.
   384 | D        | Found a bloodstained altar of Trog.
   384 | D        | Found an iron altar of Okawaru.
   384 | D        | Found a basalt altar of Yredelemnul.
   384 | D        | Found a glowing golden altar of the Shining One.
   384 | D        | Found a snail-covered altar of Cheibriados.
   384 | D        | Found a sacrificial altar of Ru.
   384 | D        | Found a glowing silver altar of Zin.
   384 | D        | Found a shadowy altar of Dithmenos.
   384 | D        | Found a white marble altar of Elyvilon.
   384 | D        | Noticed a yak
   395 | D        | Killed a yak
   396 | D        | Reached skill level 12 in Fighting
   396 | D        | Found an opulent altar of Gozag.
   413 | D        | Found a sparkling altar of Nemelex Xobeh.
   528 | D        | Noticed a centaur warrior
   532 | D        | Noticed a centaur warrior
   540 | D        | Slain by a centaur warrior

Illustrated notes

Levels and vault maps discovered:
D:        dungeon_sprint_1 [red_sonja_temple_1, red_sonja_temple_small_1]

Skill      XL: |  1  2  3  4  5  6  7 |
---------------+----------------------+-----
Fighting       | 5 7 10 11 12 | 12.3
Long Blades    | 4 6 9 10 11 | 11.2
Armour         | |  3.2
Shields        | |  3.6

Action                   |  1- 3 |  4- 6 |  7- 9 || total
-------------------------+-------+-------+-------++-------
Melee: Long sword        |    11 |    12 |    18 ||    41
  Use: Potion            |     1 |       |     3 ||     4
Armor: Scale mail        |     2 |     3 |    14 ||    19
Dodge: Dodged            |     6 |     1 |     9 ||    16
Block: Buckler           |       |       |     6 ||     6

Table legend: (Time is in decaauts)
 A = Elapsed time spent in this place.
 B = Non-inter-level travel time spent in this place.
 C = Inter-level travel time spent in this place.
 D = Time resting spent in this place.
 E = Time spent auto-exploring this place.
 F = Levels seen in this place.
 G = Mean time per level.
                   A        B        C        D        E       F      G
               +--------+--------+--------+--------+--------+-----+--------+
         Total |    541 |    541 |      0 |    412 |      0 |   1 |  541.0 |
       Dungeon |    541 |    541 |      0 |    412 |      0 |   1 |  541.0 |
               +--------+--------+--------+--------+--------+-----+--------+

Top non-repeatable levels by time:
       D: 541 daAuts
